Construct Section Command Post
Construct Platoon Command Post
Unlock Bishop Self-propelled Artillery
Selects Canadian Shock Battlegroup
Selects Incendiary Munitions
Bishop Self-propelled Artillery
Bishop Self-propelled Artillery
6-pounder Anti-tank Gun Team
Selects Demolition Engineering
Construct Field Infirmary
Construct Company Command Post
Selects Offensive Resupply
Selects Canadian Shock Section
6-pounder Anti-tank Gun Team
Bishop Self-propelled Artillery
Unlock Towed 17-pounder Anti-tank Guns
Bishop Self-propelled Artillery
Unlock M3 Grant Medium Tanks